Map: Gresvan LE

Players

A.I. 1 (Very Easy) - Winner!

  • Race: Terran Terran
  • Spawn Location: 11:00

Lonk

  • Race: Protoss Protoss
  • Spawn Location: 5:00

VOD

Have the link to the VOD?

Description

Time

  • Played on: April 15, 2023, 6:06 p.m.
  • Length: 6:17
Show
View Real Time Build Order
Export as new Build Order

A.I. 1 (Very Easy) Terran - Winner!

Build Orders: Gas First Reaper Expand 

Get SALT Encoding   

  12  -1:55  Orbital Command  
  12  0:00  SCV x2, Reaper  
  12  0:01  Marine  
  12  0:03  SCV  
  13  0:07  Supply Depot  
  13  0:10  SCV, Supply Depot  
  13  0:12  Refinery  
  13  0:14  Refinery  
  14  0:16  Barracks  
  14  0:18  SCV  
  17  0:25  SCV  
  18  0:30  Command Center  
  18  0:32  SCV  
  19  0:39  SCV  
  20  0:46  SCV  
  21  0:53  SCV  
  24  2:26  Marine, Raven x2  
  24  2:33  SCV  
  24  2:40  SCV  
  24  2:47  SCV, Refinery  
  24  2:48  Factory  
  24  2:51  Refinery  
  26  2:54  SCV, Starport  
  26  2:56  Starport Tech Lab  
  27  3:01  SCV  
  32  3:08  SCV  
  32  3:12  Marine  
  33  3:13  Raven  
  33  3:16  SCV  
  34  3:23  SCV  
  34  3:30  SCV  
  36  3:37  SCV  
  37  3:44  SCV  
  38  3:52  SCV  
  39  3:56  Raven  
  39  3:57  Marine  
  39  3:59  SCV  
  40  4:06  SCV  
  41  4:14  SCV  
  43  4:21  SCV  
  44  4:29  SCV  
  45  4:36  SCV  
  46  4:39  Raven  
  46  4:43  SCV, Marine  
  49  5:03  Raven  
  50  5:15  Reaper  
  50  5:26  Raven  
  50  5:47  Barracks Tech Lab  
Show
View Real Time Build Order
Export as new Build Order

Lonk Protoss 

Build Orders: Oracle Opening, Phoenix Opening, Blink Stalkers, Zealot Archon, Carrier Rush, Colossus Rush, Dark Templar Rush 

Get SALT Encoding   

  12  0:40  Protoss Ground Weapons Level 3  
  12  0:41  Protoss Ground Armor Level 3  
  12  0:42  Protoss Shields Level 3  
  12  0:49  Pylon  
  12  0:51  Pylon  
  12  0:54  Pylon  
  12  0:57  Protoss Ground Weapons Level 2  
  12  0:58  Pylon  
  12  0:59  Protoss Ground Armor Level 2  
  12  1:00  Protoss Air Weapons Level 3, Protoss Shields Level 2  
  12  1:01  Protoss Air Armor Level 3  
  12  1:07  Nexus  
  12  1:10  Assimilator  
  12  1:14  Mothership  
  12  1:15  Protoss Ground Weapons Level 1  
  12  1:16  Gateway, Protoss Ground Armor Level 1  
  12  1:18  Forge, Protoss Shields Level 1  
  12  1:19  Protoss Air Weapons Level 2  
  12  1:20  Protoss Air Armor Level 2  
  12  1:23  Cybernetics Core  
  12  1:25  Photon Cannon  
  12  1:27  Shield Battery  
  12  1:34  Stargate, Twilight Council  
  12  1:39  Robotics Facility, Protoss Air Weapons Level 1  
  12  1:40  Protoss Air Armor Level 1  
  12  1:43  Templar Archives  
  12  1:44  Fleet Beacon, Blink  
  12  1:48  Robotics Bay  
  12  1:49  Colossus  
  12  1:52  Dark Shrine, High Templar  
  12  1:53  Dark Templar  
  12  1:55  Carrier  
  12  1:58  Zealot, Stalker  
  12  1:59  Adept  
  12  2:00  Warp Gate  
  12  2:02  Immortal  
  12  2:03  Warp Prism, Sentry  
  12  2:06  Charge  
  12  2:08  Resonating Glaives  
  12  2:09  Disruptor  
  12  2:14  Tempest  
  12  2:16  Observer, Oracle  
  12  2:18  Void Ray  
  12  2:26  Shadow Stride, Phoenix  
  20  2:32  Extended Thermal Lance  
  37  2:44  Psionic Storm  
  37  2:48  Anion Pulse-Crystals  
  42  2:57  Flux Vanes  
  60  3:11  Gravitic Boosters  
  68  3:13  Gravitic Drive  
  68  4:17  Archon  
  68  5:35  Unknown  
Tags
 
Add a new tag
Caveats
  • Supply blocks, unpowered buildings, or Contaminate may cause inaccurate times.
  • Supply counts are checked every 10 seconds.